 Dungeon Crawl Stone Soup version 0.18-a0-1507-g69458e0 (webtiles) character file.

6484 namelastname112 the Geomancer (level 10, -4/69 HPs)
             Began as a Grey Draconian Ice Elementalist on Mar 5, 2016.
             Was an Elder of Vehumet.
             Slain by a troll (10 damage)
             ... on level 10 of the Dungeon.
             The game lasted 00:21:51 (10144 turns).

namelastname112 the Geomancer (DrIE)               Turns: 10144, Time: 00:21:52

Health: -4/69      AC: 15    Str: 11    XL:     10   Next: 68%
Magic:  8/21       EV: 12    Int: 19    God:    Vehumet [****..]
Gold:   502        SH:  0    Dex: 12    Spells: 3 memorised, 21 levels left

rFire  . . .     SeeInvis .     y - +4 quarterstaff (chaos)
rCold  . . .     Gourm    .     (armour unavailable)
rNeg   . . .     Faith    .     (shield currently unavailable)
rPois  .         Spirit   .     (helmet restricted)
rElec  +         Dismiss  .     z - +0 cloak
rCorr  .         Reflect  .     i - +0 pair of gloves
SustAt .         Harm     .     G - +0 pair of boots
MR     .....                    n - amulet of regeneration
Stlth  ++........               t - ring of wizardry
                                e - +3 ring of intelligence

@: not resistant to hostile enchantments, unstealthy
A: walk through water, unfitting armour, dopey 1, low mp 1, electricity
resistance, unbreathing, cold-blooded, AC +12
a: Renounce Religion


You were on level 10 of the Dungeon.
You worshipped Vehumet.
Vehumet was greatly pleased with you.
You were not hungry.

You visited 1 branch of the dungeon, and saw 10 of its levels.

You collected 502 gold pieces.

Inventory:

Hand Weapons
 y - a +4 quarterstaff of chaos (weapon)
Missiles
 r - 4 curare-tipped needles
Armour
 i - a +0 pair of gloves (worn)
 z - a +0 cloak (worn)
 G - a +0 pair of boots (worn)
Jewellery
 e - a +3 ring of intelligence (left hand)
 h - an uncursed ring of protection from magic
 n - an amulet of regeneration (around neck)
 s - an uncursed ring of protection from fire {unknown}
 t - a ring of wizardry (right hand)
 w - an uncursed ring of wizardry
Wands
 x - a wand of flame (10/48)
 A - a wand of confusion (4/48)
 J - a wand of lightning (10/15)
 O - a wand of slowing (7/48)
Scrolls
 g - a scroll of blinking
 l - a scroll of teleportation
 o - 2 scrolls of immolation
 p - 7 scrolls of remove curse
 q - a scroll of silence {unknown}
 F - a scroll of enchant weapon
Potions
 d - 3 potions of heal wounds
 j - 2 potions of brilliance
 k - 2 potions of haste
 m - 2 potions of berserk rage
 u - 2 potions of agility
 C - a potion of curing
 D - a potion of cancellation
 H - a potion of ambrosia
 M - a potion of cure mutation
Books
 a - a book of Frost

   Spells                             Type                      Level
   a - Freeze                         Ice                          1
   b - Throw Frost                    Conjuration/Ice              2
   c - Ozocubu's Armour               Charms/Ice                   3
   d - Throw Icicle                   Conjuration/Ice              4
   e - Summon Ice Beast               Ice/Summoning                4
 L - a book of Dreams

   Spells                             Type                      Level
   a - Ensorcelled Hibernation        Hexes/Ice                    2
   b - Silence                        Hexes/Air                    5
   c - Darkness                       Hexes                        6
   d - Shadow Creatures               Summoning                    6
Comestibles
 b - 16 bread rations
 f - 5 fruits
 v - 2 meat rations
 B - 3 slices of pizza
 K - a beef jerky


   Skills:
 - Level 1.7 Dodging
 - Level 1.7 Stealth
 + Level 9.7 Spellcasting
 + Level 9.6 Conjurations
 - Level 3.0 Ice Magic
 + Level 9.9 Earth Magic


You had 21 spell levels left.
You knew the following spells:

 Your Spells              Type           Power        Failure   Level  Hunger
a - Sandblast             Erth           #####.       1%          1    None
s - Ozocubu's Armour      Chrm/Ice       ##......     6%          3    None
x - Stone Arrow           Conj/Erth      #####.       1%          3    None


Dungeon Overview and Level Annotations

Branches:
Dungeon (10/15)            Temple (0/1) D:4            Lair (0/8) D:9
    Orc (0/2) D:10

Altars:
Ashenzari
Cheibriados
Elyvilon
Kikubaaqudgha
Nemelex Xobeh
Ru
Sif Muna
Vehumet

Shops:
D:5 (   D:10 :

Annotations:
D:4 bl4d3's ghost, amateur GrFi


Innate Abilities, Weirdness & Mutations

You can walk through water.
Your dull iron-grey scales are very hard (AC +12).
Your body does not fit into most forms of armour.
You can survive without breathing.
You are cold-blooded and may be slowed by cold attacks.
You are dopey. (Int -2)
Your magical capacity is low (-10% MP).
You are resistant to electric shocks.


Message History

The stone arrow hits the worker ant zombie.
You destroy the worker ant zombie!
Vehumet accepts your kill.
You feel your power returning. Something hits you!
Something hits you. x2; Something barely misses you.
You barely miss something. You tail-slap something. Something hits you.
You closely miss something. You tail-slap something.
Something hits you but does no damage. Something hits you.
You barely miss something. Something hits you. The troll barely misses you.
The troll claws you. The troll claws you but does no damage.
Something hits you but does no damage. Something hits you. Something hits you.
Something hits you but does no damage. Something hits you. Something hits you.
Something hits you but does no damage. The troll bites you!
* * * LOW HITPOINT WARNING * * *
The troll claws you!
You die...

######.#######'#######
#...... ###..# #.# #####..
#...## #.# ##. #.### #.#
##. #.# #.## #.. ###'##
#..## ##.# .....# #...#
##..# ...).# ###.#.#
###..## .....#
####....@#### ##...##
.....# #.....8T....#
#..###
.....####..K........##
#.##
.....................##
#(#
.....##..8..K.>(...8..#
#(#
########.......)..[...#
#†# ..####
##...........#.####)######
#....#
#.....8.....#............
####.#
####.....########).......


You could see a troll and 2 kobolds.

Vanquished Creatures
  A troll (D:9)
  A two-headed ogre (D:8)
  The ghost of Amnesiac the Firebug, an amateur DEFE (D:5)
  A spriggan (D:7)
  5 hippogriffs
  2 hungry ghosts
  A steam dragon (D:9)
  2 water moccasins (D:9)
  Duvessa (D:7)
  4 ice beasts
  5 orc warriors
  A black bear (D:8)
  4 phantoms
  A necrophage (D:6)
  A wasp (D:7)
  5 ogres
  5 centaurs
  2 big kobolds (D:8)
  4 giant frogs
  A gnoll sergeant (D:7)
  Dowan (D:7)
  A water moccasin zombie (D:10)
  3 scorpions
  3 wights (D:9)
  4 howler monkeys (D:10)
  3 giant frog zombies
  A centaur zombie (D:8)
  4 crimson imps
  2 quasits
  2 jellies
  7 orc wizards
  4 orc priests
  2 hounds
  An iguana (D:9)
  Crazy Yiuf (D:3)
  4 worker ants
  A hound skeleton (D:7)
  A worker ant zombie (D:10)
  3 gnolls (D:7)
  11 adders
  3 adder zombies (D:5)
  2 worms
  2 giant geckos
  26 orcs
  A ball python (D:3)
  6 giant cockroaches
  7 hobgoblins
  17 jackals
  5 quokkas
  A ball python zombie (D:5)
  6 bats
  2 giant newts
  4 goblins
  10 kobolds
  A quokka skeleton (D:9)
  3 rats
203 creatures vanquished.

Vanquished Creatures (others)
  A jackal (D:7)
  A quokka (D:7)
2 creatures vanquished.

Grand Total: 205 creatures vanquished

Notes
Turn   | Place    | Note
--------------------------------------------------------------
     0 | D:1      | namelastname112 the Draconian Ice Elementalist began the quest for the Orb.
     0 | D:1      | Reached XP level 1. HP: 14/14 MP: 3/3
   218 | D:1      | Reached XP level 2. HP: 17/20 MP: 0/5
   941 | D:2      | Found a radiant altar of Vehumet.
   958 | D:2      | Became a worshipper of Vehumet
  1188 | D:2      | Reached XP level 3. HP: 26/26 MP: 2/7
  1421 | D:2      | Found a sacrificial altar of Ru.
  1675 | D:3      | Reached XP level 4. HP: 33/33 MP: 7/10
  1696 | D:3      | Found an ancient bone altar of Kikubaaqudgha.
  1708 | D:3      | Found a sparkling altar of Nemelex Xobeh.
  2321 | D:3      | Learned a level 4 spell: Throw Icicle
  2402 | D:3      | Learned a level 3 spell: Ozocubu's Armour
  2406 | D:3      | Noticed Crazy Yiuf
  2418 | D:3      | Killed Crazy Yiuf
  2602 | D:4      | Reached XP level 5. HP: 38/38 MP: 5/11
  2661 | D:4      | Found a staircase to the Ecumenical Temple.
  2665 | D:4      | Reached * piety under Vehumet
  2665 | D:4      | Offered knowledge of Sandblast by Vehumet.
  2836 | D:4      | Noticed bl4d3's ghost (amateur GrFi)
  3242 | D:4      | Reached skill level 5 in Spellcasting
  3305 | D:4      | Reached XP level 6. HP: 35/45 MP: 7/13
  3739 | D:5      | Entered Level 5 of the Dungeon
  3749 | D:5      | Found Wiziti's Weapon Shoppe.
  3974 | D:5      | Noticed Amnesiac's ghost (amateur DEFE)
  4195 | D:6      | Your scales start taking on a dull iron-grey colour.
  4195 | D:6      | Reached XP level 7. HP: 45/50 MP: 8/15
  4195 | D:6      | Gained mutation: You can survive without breathing. [Grey Draconian growth]
  4267 | D:6      | Learned a level 1 spell: Sandblast
  4326 | D:7      | Reached skill level 1 in Earth Magic
  4417 | D:7      | Noticed a spriggan baker
  4423 | D:7      | Killed a spriggan baker
  4460 | D:7      | Reached skill level 5 in Conjurations
  4502 | D:7      | Noticed a hungry ghost
  4541 | D:7      | Reached XP level 8. HP: 45/57 MP: 2/17
  4829 | D:7      | Noticed Duvessa
  4830 | D:7      | Noticed Dowan
  4843 | D:7      | Killed Duvessa
  4853 | D:7      | Killed Dowan
  4934 | D:7      | Reached skill level 5 in Earth Magic
  5205 | D:7      | Found a white marble altar of Elyvilon.
  5565 | D:6      | Reached XP level 9. HP: 62/62 MP: 16/20
  6103 | D:6      | Reached ** piety under Vehumet
  6103 | D:6      | Offered knowledge of Magic Dart by Vehumet.
  6190 | D:5      | Killed Amnesiac's ghost
  6511 | D:5      | Found a deep blue altar of Sif Muna.
  7701 | D:8      | Offered knowledge of Inner Flame by Vehumet.
  7851 | D:8      | Found a snail-covered altar of Cheibriados.
  7868 | D:8      | Reached XP level 10. HP: 69/69 MP: 17/22
  7914 | D:8      | Reached *** piety under Vehumet
  8562 | D:9      | Found a shattered altar of Ashenzari.
  8666 | D:9      | Offered knowledge of Stone Arrow by Vehumet.
  8695 | D:9      | Learned a level 3 spell: Stone Arrow
  8880 | D:9      | Found a staircase to the Lair.
  9489 | D:9      | Gained mutation: You are resistant to electric shocks. [potion of mutation]
  9489 | D:9      | Gained mutation: Your magical capacity is low (-10% MP). [potion of mutation]
  9489 | D:9      | Gained mutation: You are dopey. (Int -2) [potion of mutation]
  9502 | D:10     | Entered Level 10 of the Dungeon
  9631 | D:10     | Found Garef's Book Emporium.
  9663 | D:10     | Reached **** piety under Vehumet
  9688 | D:10     | Found a deep blue altar of Sif Muna.
  9827 | D:10     | Offered knowledge of Fulminant Prism by Vehumet.
 10030 | D:10     | Found a staircase to the Orcish Mines.
 10144 | D:10     | Slain by a troll

Vault maps used:
D:1:      wheals_arrival_shading
D:2:      overflow_temple_1_default, vehumet_crystals, nicolae_underground_beach
D:3:      nemelex_xobeh_ov_fountains_minmay, old_standard_altar, first_bread,
          uniq_crazy_yiuf_cottage
D:4:      minmay_temple_entry_crystal_x, minmay_misc_feat_nine_boxes
D:5:      lemuel_blue_sif_altar, serial_shops, shop_fountains
D:7:      elyvilon_altar_4, the_bakery, uniq_duvessa
D:8:      slow_altar_1
D:9:      evilmike_ruin_ashenzari, lair_0_dummy
D:10:     david_orc_2, basic_altar, serial_shops, shop_statue

Skill      XL: |  1  2  3  4  5  6  7  8  9 10 |
---------------+-------------------------------+-----
Spellcasting   | 3 4 5 6 7 8 9 |  9.7
Conjurations   | 2 3 4 5 6 8 9 |  9.6
Earth Magic    | 3 6 8 9 |  9.9
Dodging        | |  1.7
Stealth        | |  1.7
Ice Magic      | |  3.0

Action                   |  1- 3 |  4- 6 |  7- 9 | 10-12 || total
-------------------------+-------+-------+-------+-------++-------
Melee: Unarmed           |    11 |       |       |       ||    11
       Short sword       |    26 |     7 |       |       ||    33
       Quarterstaff      |       |    29 |   151 |    49 ||   229
 Cast: Freeze            |    48 |    68 |   143 |    44 ||   303
       Throw Icicle      |       |    11 |    31 |    23 ||    65
       Ozocubu's Armour  |       |     5 |     3 |     1 ||     9
       Stone Arrow       |       |       |       |    74 ||    74
Evoke: Wand              |       |       |       |     2 ||     2
  Use: Potion            |       |       |     1 |     2 ||     3
       Scroll            |       |       |       |    20 ||    20
 Stab: Sleeping          |     1 |     1 |     1 |       ||     3
       Confused          |       |       |     3 |       ||     3
  Eat: Chunk             |     2 |     7 |     9 |    10 ||    28
       Pizza             |       |     2 |       |       ||     2
       Fruit             |       |       |     2 |       ||     2
       Beef jerky        |       |       |     1 |       ||     1
       Meat ration       |       |       |     1 |       ||     1
